 Dungeon Crawl Stone Soup version 0.30-a0-304-gdc4b735fe1 (webtiles) character file.

Game seed: 3955877849669346840

538 Angani the Slasher (level 7, 0/60 HPs)
             Began as a White Draconian Gladiator on Oct 19, 2022.
             Killed by divine providence
             ... invoked by an orc priest
              (11 damage)
             ... on level 4 of the Dungeon.
             The game lasted 00:05:55 (3860 turns).

Angani the Slasher (White Draconian Gladiator)      Turns: 3860, Time: 00:05:56

Health: 0/60       AC:  6    Str: 16    XL:     7   Next: 5%
Magic:  11/11      EV: 12    Int: 12    God:
Gold:   126        SH:  0    Dex: 13    Spells: 6/6 levels left

rFire   + . .      SeeInvis .    b - +2 dagger (flame)
rCold   + . .      Faith    .    (no shield)
rNeg    . . .      Spirit   .    (body armour unavailable)
rPois   .          Reflect  .    e - +0 hat
rElec   +          Harm     .    (no cloak)
rCorr   .          Rampage  .    (no gloves)
Will    .....                    (no boots)
Stlth   +.........               (no amulet)
HPRegen 0.30/turn                t - ring of protection from fire
MPRegen 0.12/turn                (no ring)

@: no status effects
A: breathe frost, AC +6, unfitting armour, cold resistance 1, cold-blooded,
clever 1, robust 1, electricity resistance
a: Breathe Frost


You were on level 4 of the Dungeon.
You visited 1 branch of the dungeon, and saw 5 of its levels.

You collected 126 gold pieces.

Inventory:

Hand Weapons
 a - a +0 long sword
 b - a +2 dagger of flaming (weapon)
Missiles
 c - 3 throwing nets
 d - a javelin (quivered)
Armour
 e - a +0 hat (worn)
Jewellery
 t - a ring of protection from fire (left hand)
Scrolls
 l - a scroll of teleportation
 p - a scroll of enchant armour {unknown}
 r - a scroll of silence {unknown}
 u - a scroll of brand weapon {unknown}
Potions
 h - a potion of flight {unknown}
 j - a potion of degeneration {unknown}
 k - a potion of brilliance {unknown}
 n - a potion of resistance {unknown}
 o - a potion of cancellation {unknown}
 q - a potion of mutation
 s - a potion of attraction {unknown}


   Skills:
 - Level 2.1 Fighting
 + Level 6.0 Long Blades
 - Level 1.7 Throwing
 - Level 2.6 Dodging
 + Level 5.6 Invocations


You had 6 spell levels left.
You didn't know any spells.
Your spell library was empty.

Dungeon Overview and Level Annotations

Branches:
Dungeon (5/15)
 Temple: D:4-7

Altars:

Shops:
D:1 [


Innate Abilities, Weirdness & Mutations

You can breathe waves of freezing cold which knock back foes.
Your icy white scales are hard. (AC +6)
You cannot fit into any form of body armour.
Your flesh is cold resistant. (rC+)
You are cold-blooded and may be slowed by cold attacks.
Your mind is acute. (Int +4, Str/Dex -1)
You are robust. (+10% HP)
You are resistant to electric shocks. (rElec)


Message History

The phantom hits you but does no damage.
You catch the helpless phantom completely off-guard!
You puncture the phantom! You burn the phantom.
The phantom is severely damaged.
You hit the phantom but do no damage.
The phantom is severely damaged.
The orc priest shouts!
An orc comes into view. It is wielding a +0 dagger.
The phantom misses you.
You barely miss the phantom.
The orc shouts!
You tail-slap the phantom.
The phantom is almost destroyed.
The orc priest shouts!
The phantom hits you.
* * * LOW HITPOINT WARNING * * *
The phantom blinks!
You blink.
You completely miss the phantom.
The phantom is almost destroyed.
The phantom closely misses you.
Unknown command.
You hit the phantom but do no damage. You tail-slap the phantom.
You destroy the phantom!
Your Long Blades skill increases to level 6!
You have reached level 7!
Your scales start taking on an icy white colour.
You learn Fire Magic much slower.
You learn Ice Magic much quicker.
You can breathe waves of freezing cold which knock back foes.
You feel resistant to cold.
There is a stone staircase leading down here.
As you read the scroll of fog, it crumbles to dust.
The scroll dissolves into smoke.
You flicker for a moment.
You flicker back into view.
The orc priest mumbles some strange prayers to Beogh against you.
Pain shoots through your body!
* * * LOW HITPOINT WARNING * * *
The orc priest invokes the aid of Beogh against you.
Beogh smites you!
You die...

...#...............(.......##
...................##.###...##
.###...........##.###.###....#
.#......#.............#...#..#
.......##.....##...#...>..####
......###.....##..##.......#
......###.###...........#..#
....§..#..###..##.......#.##
.§.§.......##..#@..##..####
§§§§................##.#
§§o§........o......#####
§§§§.................#
.§§§§.........##.....##
..§§##......(.#.......##
....##.....#..#........#
...........#..##..##..##
...........#...###....#


You could see an orc priest.

Vanquished Creatures
  A black bear (D:4)
  2 phantoms (D:4)
  2 scorpions (D:4)
  An orc wizard (D:4)
  A gnoll (D:1)
  6 adders
  An ufetubus (D:3)
  4 worms (D:2)
  5 dart slugs
  2 orcs (D:3)
  7 endoplasms
  A giant cockroach (D:1)
  7 goblins
  6 hobgoblins
  3 quokkas
  6 ball pythons
  7 bats
  A frilled lizard (D:1)
  4 kobolds
  5 rats
72 creatures vanquished.

Vanquished Creatures (others)
  2 plants (D:1)
2 creatures vanquished.

Grand Total: 74 creatures vanquished

Notes
Turn   | Place    | Note
-------+----------+-------------------------------------------
     0 | D:1      | Angani the Draconian Gladiator began the quest for the Orb.
     0 | D:1      | Reached XP level 1. HP: 17/17 MP: 1/1
   257 | D:1      | Reached skill level 1 in Invocations
   265 | D:1      | Reached XP level 2. HP: 22/24 MP: 2/2
   805 | D:1      | Found Effek's Armour Shop.
   850 | D:1      | Reached XP level 3. HP: 29/29 MP: 4/4
  1514 | D:2      | Reached skill level 4 in Long Blades
  1557 | D:2      | Reached XP level 4. HP: 12/36 MP: 6/6
  3407 | D:4      | Reached XP level 5. HP: 32/41 MP: 7/7
  3490 | D:4      | Noticed a phantom
  3532 | D:5      | Entered Level 5 of the Dungeon
  3535 | D:5      | Noticed a water moccasin
  3558 | D:4      | Noticed a black bear
  3575 | D:4      | Killed a black bear
  3576 | D:4      | Reached skill level 5 in Long Blades
  3576 | D:4      | Reached XP level 6. HP: 32/48 MP: 9/9
  3656 | D:4      | Reached skill level 5 in Invocations
  3814 | D:4      | Gained mutation: You are resistant to electric shocks.
                  | (rElec) [potion of mutation]
  3814 | D:4      | Gained mutation: Your mind is acute. (Int +4, Str/Dex -1)
                  | [potion of mutation]
  3814 | D:4      | Gained mutation: You are robust. (+10% HP) [potion of
                  | mutation]
  3814 | D:4      | HP: 2/52 [poisoned by a scorpion]
  3819 | D:4      | HP: 2/52 [phantom (6)]
  3831 | D:4      | Reached skill level 6 in Long Blades
  3831 | D:4      | Your scales start taking on an icy white colour.
  3831 | D:4      | Reached XP level 7. HP: 8/60 MP: 9/11
  3831 | D:4      | Gained mutation: Your flesh is cold resistant. (rC+) [White
                  | Draconian growth]
  3860 | D:4      | Killed from afar by an orc priest

Illustrated notes

Levels and vault maps discovered:
D:1:      zelgadis_glass_arrival_small, layout_basic, serial_shops,
          nicolae_shop_trees, serial_bayou, serial_bayou_lagoon_a,
          serial_bayou_shore_b, serial_bayou_pond_d, serial_bayou_crossing,
          serial_bayou_pond_d, serial_park_tiny_1, serial_park_tiny_2
D:2:      layout_loops_corners
D:3:      layout_basic, due_unseen_surprise
D:4:      layout_cave_pools, tso_altar
D:5:      lemuel_castle_with_subvaults [lemuel_castle_interior_carwin_3],
          layout_cave_pools, mainiacjoe_overflow_brackets,
          minmay_temple_entry_poolview, serial_gnoll_camp, gnoll_camp_huts_moat,
          gnoll_camp_mini_hut, gnoll_camp_mini_sergeant,
          gnoll_camp_mini_doghouse, kennysheep_opposing_triangles

Skill      XL: |  1  2  3  4  5  6 |
---------------+-------------------+-----
Invocations    | 1 2 3 4 5 |  5.6
Long Blades    | 4 5 6 |  6.0
Fighting       | |  2.1
Throwing       | |  1.7
Dodging        | |  2.6

Action                   |  1- 3 |  4- 6 |  7- 9 || total
-------------------------+-------+-------+-------++-------
Melee: Long sword        |    94 |   142 |       ||   236
       Tailslap          |     9 |    22 |       ||    31
       Dagger            |       |    17 |       ||    17
       Punch             |       |     1 |       ||     1
Throw: Javelin           |       |     1 |       ||     1
  Use: Scroll            |     5 |     1 |     1 ||     7
       Potion            |       |     7 |       ||     7
 Stab: Sleeping          |     1 |     1 |       ||     2
       Invisible         |       |     4 |       ||     4
Armor: Skin              |    38 |    61 |       ||    99
Dodge: Dodged            |    72 |   145 |       ||   217

Table legend: (Time is in decaauts)
 A = Elapsed time spent in this place.
 B = Non-inter-level travel time spent in this place.
 C = Inter-level travel time spent in this place.
 D = Time resting spent in this place.
 E = Time spent auto-exploring this place.
 F = Levels seen in this place.
 G = Mean time per level.
                   A        B        C        D        E       F      G
               +--------+--------+--------+--------+--------+-----+--------+
         Total |   3915 |   3848 |     67 |    458 |   2643 |   5 |  783.0 |
       Dungeon |   3915 |   3848 |     67 |    458 |   2643 |   5 |  783.0 |
               +--------+--------+--------+--------+--------+-----+--------+

Top non-repeatable levels by time:
     D:1: 1401 daAuts
     D:2: 1042 daAuts
     D:3: 811 daAuts
     D:4: 649 daAuts
     D:5: 11 daAuts
